 Dungeon Crawl Stone Soup version 0.19.5 (webtiles) character file.

3812 Kosschaser the Covert (level 10, -2/51 HPs)
             Began as a Vine Stalker Assassin on Mar 2, 2017.
             Was a Follower of Dithmenos.
             Slain by vilekko's ghost (13 damage)
             ... on level 8 of the Dungeon.
             The game lasted 00:23:51 (4942 turns).

Kosschaser the Covert (Vine Stalker Assassin)       Turns: 4942, Time: 00:23:51

Health: -2/51      AC:  5    Str: 14    XL:     10   Next: 17%
Magic:  0/11       EV: 15    Int: 11    God:    Dithmenos [*.....]
Gold:   400        SH:  0    Dex: 19    Spells: 0 memorised, 9 levels left

rFire  . . .     SeeInvis .     G - +3 dagger (venom)
rCold  . . .     Gourm    .     c - +0 robe
rNeg   . . .     Faith    .     (no shield)
rPois  .         Spirit   +     (no helmet)
rElec  .         Reflect  .     d - +0 cloak
rCorr  .         Harm     .     (no gloves)
MR     ++...                    I - +1 pair of boots
Stlth  ++++++++..               (no amulet)
                                e - ring of protection from magic
                                x - ring of stealth

@: wreathed by umbra
A: fangs 3, regeneration 1, magic shield, antimagic bite, no device heal 3, rot
immunity
a: Renounce Religion


You were on level 8 of the Dungeon.
You worshipped Dithmenos.
Dithmenos was aware of your devotion.
You were very hungry.

You visited 2 branches of the dungeon, and saw 9 of its levels.

You collected 400 gold pieces.

Inventory:

Hand Weapons
 b - a +0 blowgun
 G - a +3 dagger of venom (weapon)
Missiles
 f - 2 curare-tipped needles
 D - 15 poisoned needles
 K - 4 tomahawks (quivered)
Armour
 c - a +0 robe (worn)
 d - a +0 cloak (worn)
 I - a +1 pair of boots (worn)
Jewellery
 e - a ring of protection from magic (right hand)
 j - an uncursed ring of see invisible
 w - a +6 ring of intelligence
 x - a ring of stealth (left hand)
Wands
 o - a wand of iceblast (8/15)
 v - a wand of slowing (30/48)
 J - a wand of iceblast (5/15)
Scrolls
 a - 2 scrolls of enchant weapon
 l - a scroll of teleportation
 p - 2 scrolls of recharging
 q - 6 scrolls of amnesia
 s - 3 scrolls of fog
 y - 2 scrolls of fear
 z - 7 scrolls of remove curse
 B - a scroll of vulnerability {unknown}
 E - a scroll of blinking {unknown}
 F - 2 scrolls of enchant armour
Potions
 h - 5 potions of curing {unknown}
 k - 2 potions of magic {unknown}
 m - a potion of invisibility {unknown}
 r - 2 potions of mutation {unknown}
 t - 3 potions of cure mutation {unknown}
 u - a potion of flight {unknown}
 A - 4 potions of heal wounds {unknown}
 C - 3 potions of resistance {unknown}
 H - a potion of agility {unknown}
 L - a potion of cancellation {unknown}
Comestibles
 g - 7 bread rations
 i - 4 beef jerkies
 n - 6 meat rations
 M - a slice of pizza
 N - a fruit


   Skills:
 + Level 4.6 Fighting
 + Level 6.1 Short Blades
 + Level 3.8 Throwing
 + Level 4.2 Dodging
 * Level 13.3 Stealth
 + Level 0.5 Evocations


You had 9 spell levels left.
You didn't know any spells.

Dungeon Overview and Level Annotations

Branches:
Dungeon (8/15)             Temple (1/1) D:4
   Lair: D:8-11

Altars:
Dithmenos
Nemelex Xobeh
Okawaru
Vehumet
Xom

Shops:
D:4 :

Annotations:
D:8 vilekko's ghost, novice MiFi


Innate Abilities, Weirdness & Mutations

You have razor-sharp teeth.
Your natural rate of healing is unusually fast.
When hurt, damage is shared between your health and your magic reserves.
Your bite disrupts and absorbs the magic of your enemies.
Potions and wands cannot restore your health.
You are immune to rotting.


Message History

Vilekko's ghost is lightly damaged.
Vilekko's ghost hits you but does no damage.
You barely miss vilekko's ghost.
Vilekko's ghost is lightly damaged.
Vilekko's ghost hits you.
You hit vilekko's ghost but do no damage.
Vilekko's ghost is lightly damaged.
You closely miss vilekko's ghost. Your bite misses vilekko's ghost.
Vilekko's ghost is lightly damaged.
Vilekko's ghost hits you!
You hit vilekko's ghost but do no damage.
You bite vilekko's ghost, but do no damage.
Vilekko's ghost is lightly damaged.
Vilekko's ghost hits you!!
Vilekko's ghost screams, "You must not fail where I succeeded!"
Vilekko's ghost hits you!!
* * * LOW HITPOINT WARNING * * *
You see here 28 stones.
Vilekko's ghost hits you!
You die...

######## #......#
#######.#.##.#
#..........#.###
#.#####.#....@.# #.#
#.####.#W# #.
#.#####.####.#.######### .
#............#.........# #
#.####.#########.##.##.# #
#...##.# ###.##..#.# #
#p#.##.#######.......#.# #
#.#.##.##......#.##..#.#######
#..[[..##...<..#..........[..[


You could see vilekko's ghost.

Vanquished Creatures
  Erica (D:8)
  Pikel (D:8)
  Psyche (D:8)
  Grinder (D:5)
  A hippogriff (D:7)
  Sigmund (D:2)
  A wyvern (D:8)
  The ghost of Kosschaser the Sneak, an amateur VSAs of Dithmenos (D:3)
  3 phantoms
  3 slaves (D:8)
  A necrophage (D:7)
  An ogre (D:4)
  2 centaurs (D:5)
  4 bullfrogs
  A scorpion (D:7)
  4 wights (D:7)
  2 orc priests
  A centaur skeleton (D:7)
  2 iguanas
  6 orc wizards
  2 worker ants
  A killer bee zombie (D:6)
  2 howler monkey skeletons (D:4)
  6 adders
  5 gnolls
  2 oozes
  2 adder skeletons
  A worm (D:3)
  4 dart slugs
  3 leopard geckos
  14 orcs
  A ball python (D:1)
  10 giant cockroaches
  6 goblins
  15 hobgoblins
  6 jackals
  3 kobolds
  6 quokkas
  2 bats (D:1)
  6 frilled lizards
  A jackal zombie (D:5)
  A quokka skeleton (D:6)
  5 rats
142 creatures vanquished.

Vanquished Creatures (others)
  6 fungi (D:4)
6 creatures vanquished.

Grand Total: 148 creatures vanquished

Notes
Turn   | Place    | Note
-------+----------+-------------------------------------------
     0 | D:1      | Kosschaser the Vine Stalker Assassin began the quest for the Orb.
     0 | D:1      | Reached XP level 1. HP: 11/11 MP: 2/2
    42 | D:1      | Reached skill level 5 in Stealth
    58 | D:1      | Reached XP level 2. HP: 15/15 MP: 3/3
   349 | D:1      | Reached XP level 3. HP: 17/18 MP: 4/4
   422 | D:1      | Reached skill level 6 in Stealth
  1057 | D:2      | Gained mutation: Your natural rate of healing is unusually fast. [Vine Stalker growth]
  1057 | D:2      | Reached XP level 4. HP: 23/23 MP: 5/5
  1094 | D:2      | Reached skill level 1 in Dodging
  1206 | D:2      | Noticed Sigmund
  1221 | D:2      | Killed Sigmund
  1221 | D:2      | Reached skill level 7 in Stealth
  1221 | D:2      | Reached XP level 5. HP: 19/26 MP: 3/6
  1352 | D:3      | Reached XP level 6. HP: 21/30 MP: 7/7
  1448 | D:3      | Noticed Kosschaser's ghost (amateur VSAs)
  1456 | D:3      | Reached skill level 8 in Stealth
  1632 | D:3      | Killed Kosschaser's ghost
  1897 | D:4      | Noticed a phantom
  1912 | D:4      | Noticed a phantom
  1991 | D:4      | HP: 1/31 [iguana (8)]
  2118 | D:5      | Entered Level 5 of the Dungeon
  2172 | D:5      | Reached XP level 7. HP: 24/35 MP: 8/8
  2267 | D:5      | Noticed Grinder
  2274 | D:5      | Killed Grinder
  2274 | D:5      | Reached skill level 9 in Stealth
  2757 | D:5      | Gained mutation: You have razor-sharp teeth. [Vine Stalker growth]
  2757 | D:5      | Reached XP level 8. HP: 29/40 MP: 9/9
  3002 | D:4      | Reached skill level 10 in Stealth
  3147 | D:4      | Found a sparkling altar of Nemelex Xobeh.
  3172 | D:4      | Found Rutuajalo's Book Emporium.
  3185 | D:4      | Found a staircase to the Ecumenical Temple.
  3190 | Temple   | Entered the Ecumenical Temple
  3196 | Temple   | Became a worshipper of Dithmenos the Shadowed
  3712 | D:6      | Reached skill level 11 in Stealth
  4080 | D:7      | Reached XP level 9. HP: 36/44 MP: 7/10
  4104 | D:7      | Reached * piety under Dithmenos
  4398 | D:7      | Reached skill level 12 in Stealth
  4561 | D:7      | Reached skill level 5 in Short Blades
  4671 | D:8      | Noticed Psyche
  4680 | D:8      | Noticed Erica
  4685 | D:8      | Killed Psyche
  4689 | D:8      | Killed Erica
  4689 | D:8      | Reached skill level 13 in Stealth
  4731 | D:8      | Reached XP level 10. HP: 51/51 MP: 11/11
  4776 | D:8      | Noticed Pikel
  4819 | D:8      | Killed Pikel
  4843 | D:8      | Noticed vilekko's ghost (novice MiFi)
  4942 | D:8      | Slain by vilekko's ghost

Skill      XL: |  1  2  3  4  5  6  7  8  9 10 |
---------------+-------------------------------+-----
Fighting       | 2 3 4 |  4.6
Stealth        | 5 6 7 8 9 11 13 | 13.3
Short Blades   | 2 3 4 5 6 |  6.1
Dodging        | 1 2 3 4 |  4.2
Throwing       | 2 3 |  3.8
Evocations     | |  0.5

Action                   |  1- 3 |  4- 6 |  7- 9 | 10-12 || total
-------------------------+-------+-------+-------+-------++-------
Melee: Dagger            |    68 |   174 |   237 |    45 ||   524
       Bite              |    14 |    59 |    74 |    23 ||   170
 Fire: Blowgun           |     3 |    13 |     4 |       ||    20
Throw: Tomahawk          |       |       |     7 |       ||     7
Evoke: Wand              |       |       |     2 |       ||     2
  Use: Scroll            |       |     9 |     5 |       ||    14
 Stab: Sleeping          |    13 |     7 |    24 |     2 ||    46
       Distracted        |       |       |     1 |       ||     1
  Eat: Chunk             |       |     3 |     9 |       ||    12
Armor: Robe              |     9 |    31 |    30 |     1 ||    71
Dodge: Dodged            |    29 |    85 |   114 |     9 ||   237
